 Dungeon Crawl Stone Soup version 0.25.1-2-g60ff931df9 (webtiles) character file.

Game seed: 3131623551910518129

4043 hawla the Carver (level 10, -2/126 HPs)
             Began as a Minotaur Gladiator on Nov 8, 2020.
             Was an Initiate of Gozag.
             Slain by a two-headed ogre
             ... wielding a +0 giant spiked club
              (9 damage)
             ... on level 9 of the Dungeon.
             The game lasted 00:23:56 (9539 turns).

hawla the Carver (Minotaur Gladiator)               Turns: 9539, Time: 00:23:56

Health: -2/126     AC: 25    Str: 21    XL:     10   Next: 4%
Magic:  9/9        EV:  2    Int:  5    God:    Gozag
Gold:   1327       SH:  0    Dex: 13    Spells: 9/9 levels left

rFire    . . .     SeeInvis .   m - +2 dagger (drain)
rCold    . . .     Gourm    .   (no shield)
rNeg     + + +     Faith    .   (armour currently unavailable)
rPois    +         Spirit   .   (helmet currently unavailable)
rElec    .         Reflect  .   (cloak currently unavailable)
rCorr    .         Harm     .   (gloves currently unavailable)
MR       .....     NoTele   +   (boots currently unavailable)
Stlth    +++.......             g - amulet of the acrobat
HPRegen  0.31/turn              H - ring of positive energy
MPRegen  0.11/turn              L - ring of stealth

@: tree-form (expiring), stab, very slightly contaminated, lightly drained,
invisible
A: (retaliatory headbutt)
a: Potion Petition, Call Merchant, Bribe Branch, Renounce Religion


You were on level 9 of the Dungeon.
You worshipped Gozag.
Gozag was most pleased with you.
You were not hungry.
You were a tree.
You visited 2 branches of the dungeon, and saw 10 of its levels.
You also visited: Ossuary.

You collected 1385 gold pieces.
You paid 58 gold pieces to Gozag.

Inventory:

Hand Weapons
 a - a +0 long sword
 m - a +2 dagger of draining (weapon)
 I - a +0 falchion of flaming
Missiles
 d - 3 throwing nets (quivered)
 y - 5 javelins
 A - 58 poisoned darts
 G - 3 boomerangs
Armour
 b - a +0 leather armour (melded)
 c - a +1 hat (melded)
 n - a +0 pair of gloves (melded)
 w - a scarf of resistance
 J - a +0 cloak (melded)
 K - a +0 pair of boots (melded)
Jewellery
 e - a +4 ring of protection
 g - an amulet of the acrobat (around neck)
 h - an uncursed ring of positive energy
 v - an uncursed ring of protection from fire
 H - a ring of positive energy (left branch)
 L - a ring of stealth (right branch)
 N - a +6 ring of strength
Wands
 z - a wand of clouds (6)
 E - a wand of paralysis (18)
Scrolls
 i - 5 scrolls of fear
 j - a scroll of remove curse
 l - 6 scrolls of teleportation
 s - 2 scrolls of magic mapping
 u - a scroll of enchant armour
 F - a scroll of enchant weapon
 M - a scroll of identify
 O - a scroll of fog {unknown}
Potions
 k - a potion of lignification
 o - 7 potions of curing
 p - a potion of stabbing
 q - a potion of cancellation
 r - 2 potions of flight
 t - 2 potions of haste
 x - 2 potions of magic
 D - a potion of might
 P - a potion of brilliance {unknown}
Comestibles
 f - 4 rations


   Skills:
 + Level 6.8(6.7) Fighting
 + Level 6.1(8.3) Short Blades
 + Level 9.9(10.6) Long Blades
 + Level 2.0(1.9) Throwing
 + Level 5.4(5.3) Armour
 * Level 8.9(8.8) Dodging
 - Level 2.7(2.6) Stealth


You had 9 spell levels left.
You didn't know any spells.
Your spell library was empty.

Dungeon Overview and Level Annotations

Branches:
Dungeon (9/15)             Temple (1/1) D:5            Lair (0/6) D:8
Ossuary (visited)
    Orc: D:9-12

Altars:
Ashenzari
Cheibriados
Dithmenos
Elyvilon
Fedhas
Gozag
Hepliaklqana
Kikubaaqudgha
Makhleb
Nemelex Xobeh
Okawaru
Qazlal
Ru
Sif Muna
Trog
Uskayaw
Vehumet
Wu Jian
Xom
Yredelemnul
Zin
The Shining One

Shops:
D:4 :


Innate Abilities, Weirdness & Mutations

((You reflexively headbutt those who attack you in melee.))
((You have a pair of horns on your head.))


Message History

You hit the two-headed ogre but do no damage.
The two-headed ogre is heavily wounded.
The yak gores you but does no damage. x2; The yak gores you.
* * * LOW HITPOINT WARNING * * *
The helpless two-headed ogre fails to defend itself.
You hit the two-headed ogre.
The two-headed ogre is severely wounded.
Your transformation is almost over.
The two-headed ogre hits you with a +0 giant spiked club.
* * * LOW HITPOINT WARNING * * *
The two-headed ogre hits you with a +0 giant club.
* * * LOW HITPOINT WARNING * * *
The cyclops throws a large rock.
The large rock hits the yak!
The yak gores you but does no damage. x3
You sense an unholy aura.
m - a +2 dagger of draining (weapon)
The two-headed ogre barely misses you.
The two-headed ogre hits you with a +0 giant club!
You die...
Your body crumbles into a pile of gold.

......# .....
.....###..... ...
#............ ........#
#............
........###.......C....
........................
...#...........YYY......
..# #...........♣O......
.# #..................
## ##.................
.## ##........#.........
..###........###...###..
...#........## ##..# .
...........## #.#
............# ...
.............# ..


You could see a two-headed ogre, a cyclops and 3 yaks.

Vanquished Creatures
  A troll (D:8)
  Sigmund (D:6)
  A yak (D:5)
  A hungry ghost (D:6)
  3 wargs (D:7)
  A water moccasin (D:6)
  An ice beast (D:6)
  2 sky beasts
  An orc warrior (D:8)
  A phantom (D:7)
  4 ogres
  A centaur (D:8)
  A big kobold (D:7)
  4 bullfrogs
  A scorpion (D:8)
  2 wights (D:9)
  6 howler monkeys
  2 crimson imps
  5 hounds
  Crazy Yiuf (D:7)
  4 orc priests
  A bullfrog zombie (D:8)
  A centaur skeleton (D:7)
  A centaur zombie (D:5)
  3 iguanas
  8 orc wizards
  5 worker ants
  7 big kobold zombies (Ossuary)
  A hound zombie (D:6)
  A mummy (Ossuary)
  Robin (D:3)
  7 adders
  An ooze (D:1)
  An adder skeleton (D:8)
  4 worms
  2 dart slugs (D:1)
  6 leopard geckos
  21 orcs
  3 spectral bats (Ossuary)
  9 giant cockroaches
  18 goblins
  7 hobgoblins
  8 jackals
  2 quokkas
  A ball python (D:6)
  A ball python skeleton (D:4)
  7 bats
  3 bat simulacra (Ossuary)
  2 frilled lizards (D:1)
  7 gnoll zombies
  3 goblin simulacra (Ossuary)
  3 goblin zombies (Ossuary)
  6 hobgoblin zombies (Ossuary)
  10 kobolds
  2 kobold simulacra (Ossuary)
  5 kobold zombies (Ossuary)
  4 orc zombies (Ossuary)
  A quokka skeleton (D:5)
  10 rats
  4 rat simulacra (Ossuary)
  4 spectral goblins (Ossuary)
  8 spectral kobolds (Ossuary)
  4 spectral rats (Ossuary)
247 creatures vanquished.

Vanquished Creatures (collateral kills)
  3 wights (D:9)
  A jelly (D:9)
4 creatures vanquished.

Grand Total: 251 creatures vanquished

Notes
Turn   | Place    | Note
-------+----------+-------------------------------------------
     0 | D:1      | hawla the Minotaur Gladiator began the quest for the Orb.
     0 | D:1      | Reached XP level 1. HP: 18/18 MP: 0/0
   106 | D:1      | Reached XP level 2. HP: 25/25 MP: 1/1
   239 | D:1      | Reached skill level 4 in Long Blades
   687 | D:1      | Reached XP level 3. HP: 30/30 MP: 2/2
   707 | D:2      | Found a burning altar of Makhleb.
  1162 | D:2      | Found a white marble altar of Elyvilon.
  1447 | D:2      | Found a bloodstained altar of Trog.
  1472 | D:2      | Reached XP level 4. HP: 37/37 MP: 3/3
  1852 | D:3      | Reached skill level 5 in Long Blades
  1896 | D:3      | Found a sacrificial altar of Ru.
  1958 | D:3      | Reached skill level 1 in Armour
  2079 | D:3      | Reached XP level 5. HP: 37/44 MP: 4/4
  2185 | D:3      | Reached skill level 5 in Dodging
  2414 | D:4      | Noticed Robin
  2449 | D:3      | Killed Robin
  2449 | D:3      | Reached XP level 6. HP: 50/51 MP: 5/5
  2462 | D:4      | Reached skill level 6 in Long Blades
  2806 | D:4      | Found a shimmering altar of Xom.
  2927 | D:4      | Found Poit's Book Shoppe.
  3138 | D:4      | Noticed a +0 dagger
  3139 | D:4      | Noticed a +0 dagger
  3140 | D:4      | Found a hide-covered altar of Uskayaw.
  3369 | D:5      | Entered Level 5 of the Dungeon
  3404 | D:5      | Reached skill level 1 in Short Blades
  3404 | D:5      | Reached XP level 7. HP: 47/57 MP: 6/6
  3620 | D:5      | Found a staircase to the Ecumenical Temple.
  3671 | Temple   | Entered the Ecumenical Temple
  3736 | Temple   | Became a worshipper of Gozag Ym Sagoz the Greedy
  3825 | D:5      | Found a shattered altar of Ashenzari.
  4109 | D:5      | Found a basalt altar of Yredelemnul.
  4259 | D:5      | Reached skill level 7 in Long Blades
  4272 | D:5      | Noticed a yak
  4307 | D:5      | Killed a yak
  4366 | D:5      | Reached skill level 1 in Stealth
  4366 | D:5      | Reached XP level 8. HP: 53/67 MP: 7/7
  4554 | D:5      | Found a radiant altar of Vehumet.
  4555 | D:5      | Found an ancient bone altar of Kikubaaqudgha.
  4888 | D:6      | Noticed Sigmund
  4902 | D:6      | Killed Sigmund
  4902 | D:6      | Reached skill level 5 in Fighting
  5030 | D:6      | Found a sand-covered staircase.
  5037 | Ossuary  | Entered an ossuary
  5040 | Ossuary  | Reached skill level 5 in Short Blades
  5179 | Ossuary  | Reached skill level 8 in Long Blades
  5735 | D:6      | Found a snail-covered altar of Cheibriados.
  5735 | D:6      | Found a faded altar of an unknown god.
  5741 | D:6      | Found a glowing silver altar of Zin.
  5744 | D:6      | Reached XP level 9. HP: 74/74 MP: 8/8
  5747 | D:6      | Found a hazy altar of Hepliaklqana.
  5749 | D:6      | Found a blossoming altar of Fedhas.
  7019 | D:7      | Reached skill level 9 in Long Blades
  7255 | D:7      | Found a runed translucent door.
  7256 | D:7      | Noticed Crazy Yiuf
  7263 | D:7      | Killed Crazy Yiuf
  7497 | D:8      | Found a staircase to the Lair.
  7535 | D:7      | Reached skill level 5 in Armour
  8567 | D:8      | Noticed a troll
  8583 | D:8      | Killed a troll
  9366 | D:9      | Reached XP level 10. HP: 71/84 MP: 9/9
  9519 | D:9      | Noticed a two-headed ogre
  9528 | D:9      | Noticed a cyclops
  9539 | D:9      | Slain by a two-headed ogre

Illustrated notes

Levels and vault maps discovered:
D:1:      minmay_arrival_four_houses, layout_basic
D:2:      minmay_general_purpose_star, layout_loops_ring,
          nicolae_overflow_crystal_walls, elyvilon_altar_5, first_ration,
          trog_book
D:3:      layout_rooms, lemuel_crystal_altar
D:4:      layout_basic, dancing_weapons_uskayaw, xom_teletrap_fun, serial_shops,
          shop, uniq_robin
D:5:      minmay_chambers_of_fours, layout_loops_corners, ashenzari_altar_1,
          lemuel_zombie_altar_yredelemnul, minitemple, minmay_temple_entry_grid
D:6:      layout_basic, chequers_temple_overflow_minitemple,
          nicolae_ossuary_entry_plus, serial_corexii_hall,
          corexii_hall_statues_i, corexii_hall_statues_t,
          chequers_hall_statues_wall_a, corexii_hall_statues_t,
          chequers_hall_statues_wall_a, chequers_hall_statues_corner_a,
          uniq_sigmund
D:7:      layout_loops_ring, uniq_crazy_yiuf_cottage
D:8:      layout_basic, erik_lair_orcish_takeover
D:9:      layout_big_octagon, basic_altar
Temple:   jpeg_temple_island

Skill      XL: |  1  2  3  4  5  6  7  8  9 |
---------------+----------------------------+-----
Long Blades    | 4 5 6 7 8 9 |  9.9
Dodging        | 4 5 6 7 8 |  8.9
Armour         | 1 2 3 4 5 |  5.4
Fighting       | 3 4 5 6 |  6.8
Short Blades   | 1 3 5 6 |  6.1
Stealth        | 1 2 |  2.7
Throwing       | |  2.0

Action                   |  1- 3 |  4- 6 |  7- 9 | 10-12 || total
-------------------------+-------+-------+-------+-------++-------
Melee: Long sword        |    62 |   129 |   175 |    18 ||   384
       Headbutt          |    12 |    32 |   106 |     1 ||   151
       Dagger            |       |    33 |   273 |       ||   306
       Falchion          |       |       |    19 |       ||    19
Throw: Throwing net      |       |       |     1 |       ||     1
  Use: Scroll            |     9 |     5 |     7 |       ||    21
       Potion            |       |     2 |       |     5 ||     7
 Stab: Sleeping          |       |       |    11 |     1 ||    12
       Distracted        |       |       |     2 |       ||     2
       Held in net/web   |       |       |     2 |       ||     2
  Eat: Chunk             |     2 |     5 |     2 |       ||     9
       Ration            |       |       |     8 |       ||     8
Armor: Leather armour    |    21 |    57 |    79 |     3 ||   160
       Skin              |       |       |       |    17 ||    17
Dodge: Dodged            |    53 |   108 |   266 |     8 ||   435
       Rpst.: Long sword |     8 |    21 |    37 |     1 ||    67
       Falchion          |       |       |     9 |       ||     9
